 Dungeon Crawl Stone Soup version 0.31-a0-232-gb1c03b2570 (webtiles) character file.

Game seed: 13141288534885586931

131 kae the Insei (level 4, -5/32 HPs)
             Began as a Demonspawn Transmuter on July 7, 2023.
             Slain by an orc
             ... wielding a +2 morningstar of distortion
              (10 damage)
             ... on level 3 of the Dungeon.
             The game lasted 00:02:44 (1329 turns).

kae the Insei (Demonspawn Transmuter)               Turns: 1329, Time: 00:02:45

Health: -5/32      AC:  4    Str: 11    XL:     4   Next: 91%
Magic:  8/8        EV: 12    Int: 16    God:
Gold:   122        SH:  0    Dex: 13    Spells: 2/8 levels left

rFire   . .          .
                       - Unarmed
rCold   . . .        (no shield)
rNeg    + . .        a - +0 robe
rPois   .            (no helmet)
rElec   .            (no cloak)
rCorr   .            (no gloves)
SInv    .            (no boots)
Will    .....        (no amulet)
Stlth   +            N - ring of positive energy
HPRegen 0.25/turn    (no ring)
MPRegen 0.11/turn

%: no passive effects
@: no status effects
A: thin metallic scales 1, ignite blood 1
a: no special abilities


You were on level 3 of the Dungeon.
You visited 1 branch of the dungeon, and saw 3 of its levels.

You collected 122 gold pieces.


Innate Abilities, Weirdness & Mutations

You are partially covered in thin metallic scales. (AC +2)
Your demonic aura sometimes causes spilled blood to erupt in flames.


   Skills:
 - Level 1.0 Fighting
 - Level 1.7 Dodging
 + Level 3.3 Unarmed Combat
 + Level 2.7 Spellcasting
 * Level 3.3 Transmutations
 * Level 1.5 Poison Magic


You had 2 spell levels left.
You knew the following spells:

 Your Spells              Type           Power      Damage    Failure   Level
a - Beastly Appendage     Tmut           24%        N/A       4%          1
b - Wereblood             Tmut           12%        N/A       8%          2
c - Spider Form           Tmut/Pois      10%        N/A       22%         3

Your spell library contained the following spells:

 Spells                   Type           Power      Damage    Failure   Level
 Ice Form                 Ice/Tmut       7%         N/A       67%         4

Inventory:

Missiles
 c - 29 stones
Armour
 a - a +0 robe (worn)
Jewellery
 N - a ring of positive energy (left hand)
   (You found it on level 1 of the Dungeon)
Scrolls
 d - a scroll of butterflies {unknown}
 g - 3 scrolls of teleportation {@r4}
 h - a scroll of fear
 k - a scroll of identify {@r1}
Potions
 b - a potion of lignification {!q}
 e - 2 potions of curing {@q1}
 i - a potion of haste {unknown}
 j - 2 potions of mutation {unknown}
 m - a potion of degeneration {unknown}

Dungeon Overview and Level Annotations

Branches:
Dungeon (3/15) Zot: 16678

Altars:

Shops:
D:3

= .........# ###
.......#.. ..##
......## # #..#
....... ## #..#
.........### >.###
...... ... #...###
......##..###
.#.....#
..........#..#oo...#
...S.J....##@o...#
#........#......#
#.<....#...######
#.............#
#..##......... $..
.......... .
##.###.###. .. ..#
.. .


You could see 3 orcs.


Message History

The spell is quite dangerous to miscast (22% risk of failure)!
Continue anyway?
Your horns disappear.
Your talons disappear.
You turn into a venomous arachnid creature.
Your +0 robe melds into your body. 😕 MP[-3]
You lost 3 mp, and now have 5/8 mp.
Unknown command.
You hit the hobgoblin.
The hobgoblin is poisoned.
You hit the hobgoblin but do no damage.
The hobgoblin looks as sick as possible!
The hobgoblin closely misses you.
A gnoll comes into view. It is wielding a +0 flail.
Unknown command.
The gnoll shouts!
You hit the hobgoblin.
You kill the hobgoblin!
You bite the gnoll!
The gnoll is poisoned.
The gnoll misses you. 😎 HP[+1]
Your hp is fully restored (32).
You hit the gnoll. The gnoll barely misses you.
You hit the gnoll.
You kill the gnoll!
A gnoll comes into view.
It is wielding a +0 flail and carrying a wand of roots (4).
Items here: )) [ †.
You hit the gnoll.
The gnoll is poisoned.
The gnoll hits you with a +0 flail. 😕 HP[-5] MP[+1]
You take 5 damage, and now have 27/32 hp.
You hit the gnoll.
The gnoll looks as sick as possible!
Your transformation is almost over.
The gnoll zaps a wand.
The roots erupt in riotous growth!
The gnoll is unaffected.
The grasping roots grab you! The grasping roots constrict you.
The gnoll completely misses you.
You hear a shout!
You hit the gnoll but do no damage.
The gnoll looks as sick as possible!
The grasping roots constrict you. The gnoll hits you with a +0 flail.
* * * LOW HITPOINT WARNING * * *
😨 HP[-13]
You take 13 damage, and now have 14/32 hp.
MASSIVE DAMAGE!! (PAUSE)
You hit the gnoll.
You kill the gnoll!
The grasping roots constrict you.
* * * LOW HITPOINT WARNING * * *
😨 HP[-2]
You take 2 damage, and now have 12/32 hp.
You escape the roots grasp. 😨 HP[+1] Unknown command.
Items here: )) [ †.
Items here: )) [[ ††.
Things that are here:
a +0 dagger; a +0 robe The gnoll zaps a wand.
The roots erupt in riotous growth!
The grasping roots grab you! The grasping roots constrict you.
* * * LOW HITPOINT WARNING * * *
You escape the roots grasp. 😨 HP[-1]
You take 1 damage, and now have 12/32 hp. 😨 MP[+1]
Your transformation has ended.
Your +0 robe unmelds from your body.
There is a stone staircase leading up here.
The gnoll zaps a wand.
The roots erupt in riotous growth!
The grasping roots grab you! The grasping roots constrict you.
* * * LOW HITPOINT WARNING * * *
The roots lose their grip on you.
You climb upwards.
There is a stone staircase leading down here.
Unknown command.
There is a stone staircase leading down here. 😨 HP[+3] MP[+1]
You regained 3 hp, and now have 15/32 hp.
Your mp is fully restored (8).
You climb downwards.
You hear the sound of rushing water.
There is an entrance to a sewer on this level.
Hurry and find it before the portal rusts away!
The orc shouts!
The orc hits you but does no damage.
The orc shouts!
Found a stone staircase leading down.
There is a stone staircase leading up here.
Unknown command.
Casting: Spider Form (quite dangerous; 22% risk of failure)
Confirm with . or Enter, or press ? or * to list all spells.
The spell is quite dangerous to miscast (22% risk of failure)!
Continue anyway? [Y]es or [N]o only, please.
The spell is quite dangerous to miscast (22% risk of failure)!
Continue anyway?
Okay, then.
Okay, then.
You hear a shout!
The orc attacks as you move away!
The orc hits you with a +2 morningstar of distortion!
* * * LOW HITPOINT WARNING * * *
Space warps horribly around you!
You die...

Skill      XL: |  1  2  3  4 |
---------------+-------------+-----
Transmutations | 2 3 |  3.3
Unarmed Combat | 3 |  3.3
Poison Magic   | 1 |  1.5
Fighting       | |  1.0
Dodging        | |  1.7
Spellcasting   | |  2.7

Action                     |  1- 3 |  4- 6 || total
---------------------------+-------+-------++-------
  Melee: Unarmed           |   101 |    44 ||   145
         Kick              |    13 |     2 ||    15
         Headbutt          |     7 |     3 ||    10
         Punch             |     1 |     1 ||     2
   Cast: Beastly Appendage |    18 |     2 ||    20
         Wereblood         |     1 |     1 ||     2
         Spider Form       |     1 |     2 ||     3
    Use: Scroll            |     6 |       ||     6
         Potion            |       |     1 ||     1
 Armour: Robe              |    15 |     2 ||    17
  Dodge: Dodged            |    71 |    31 ||   102

Levels and vault maps discovered:
D:1:      dpeg_arrival_tiny_a, layout_rooms
D:2:      layout_rooms
D:3:      layout_rooms, tso_metal_star, cheibrodos_sewer_entry_bend,
          serial_shops, shop, uniq_sigmund

Notes
Turn   | Place    | Note
-------+----------+-------------------------------------------
     0 | D:1      | kae the Demonspawn Transmuter began the quest for the Orb.
     0 | D:1      | Reached XP level 1. HP: 15/15 MP: 3/3
     0 | D:1      | magus.rc [v1.11.3]
    80 | D:1      | Reached skill level 2 in Transmutations
   455 | D:1      | Gained mutation: Your demonic aura sometimes causes spilled
                  | blood to erupt in flames. [demonic ancestry]
   455 | D:1      | Reached XP level 2. HP: 13/21 MP: 3/5
   492 | D:1      | Learned a level 2 spell: Wereblood
   660 | D:2      | Reached skill level 3 in Unarmed Combat
   705 | D:2      | Gained mutation: You are partially covered in thin metallic
                  | scales. (AC +2) [demonic ancestry]
   705 | D:2      | Reached XP level 3. HP: 20/26 MP: 4/6
  1077 | D:2      | Learned a level 3 spell: Spider Form
  1173 | D:3      | Reached skill level 3 in Transmutations
  1173 | D:3      | Reached XP level 4. HP: 13/32 MP: 4/7
  1178 | D:3      | HP: 2/32 [orc wizard/puff of flame (8)]
  1183 | D:3      | Reached skill level 1 in Poison Magic
  1210 | D:3      | Found Edghenlui's Jewellery Boutique.
  1282 | D:3      | Identified the +10 war axe of Precise Incision {freeze,
                  | Stlth+}
  1329 | D:3      | HP: 5/32 [orc/+2 morningstar of distortion (10)]
  1329 | D:3      | Slain by an orc

Vanquished Creatures
  2 orc wizards (D:3)
  2 gnolls (D:3)
  2 adders
  A worm (D:2)
  2 orcs (D:3)
  5 ball pythons
  5 endoplasms (D:2)
  A giant cockroach (D:2)
  6 hobgoblins
  A quokka (D:1)
  5 bats
  A frilled lizard (D:2)
  5 kobolds
  3 rats
41 creatures vanquished.

Table legend:
 A = Non-vault XP
 B = Vault XP
 C = Vault XP percentage of total XP
 D = Non-vault monster count
 E = Vault monster count
 F = Vault count percentage of total count
                 A         B        C        D         E       F
            +---------+---------+-------+---------+---------+-------
      Total |     188 |       0 |   0.0 |      41 |       0 |   0.0
            +---------+---------+-------+---------+---------+-------
        D:1 |      13 |       0 |   0.0 |       8 |       0 |   0.0
        D:2 |      54 |       0 |   0.0 |      23 |       0 |   0.0
        D:3 |     121 |       0 |   0.0 |      10 |       0 |   0.0
            +---------+---------+-------+---------+---------+-------

Skill      XL: |  1  2  3  4 |
---------------+-------------+-----
Transmutations | 2 3 |  3.3
Unarmed Combat | 3 |  3.3
Poison Magic   | 1 |  1.5
Fighting       | |  1.0
Dodging        | |  1.7
Spellcasting   | |  2.7

Action                     |  1- 3 |  4- 6 || total
---------------------------+-------+-------++-------
  Melee: Unarmed           |   101 |    44 ||   145
         Kick              |    13 |     2 ||    15
         Headbutt          |     7 |     3 ||    10
         Punch             |     1 |     1 ||     2
   Cast: Beastly Appendage |    18 |     2 ||    20
         Wereblood         |     1 |     1 ||     2
         Spider Form       |     1 |     2 ||     3
    Use: Scroll            |     6 |       ||     6
         Potion            |       |     1 ||     1
 Armour: Robe              |    15 |     2 ||    17
  Dodge: Dodged            |    71 |    31 ||   102

Illustrated notes

Table legend:
 A = Kills in this place as a percentage of kills in the entire game.
 B = Kills by you in this place as a percentage of kills by you in the entire game.
 C = Kills by friends in this place as a percentage of kills by friends in the entire game.
 D = Other kills in this place as a percentage of other kills in the entire game.
 E = Experience gained in this place as a percentage of experience gained in the entire game.
 F = Experience gained in this place divided by the number of levels of this place that you have seen.
                   A       B       C       D       E      F
               +-------+-------+-------+-------+-------+----------------------
         Total | 100.0 | 100.0 |   N/A |   N/A | 100.0 |  62.7
       Dungeon | 100.0 | 100.0 |   N/A |   N/A | 100.0 |  62.7
               +-------+-------+-------+-------+-------+----------------------

Table legend: (Time is in decaauts)
 A = Elapsed time spent in this place.
 B = Non-inter-level travel time spent in this place.
 C = Inter-level travel time spent in this place.
 D = Time resting spent in this place.
 E = Time spent auto-exploring this place.
 F = Levels seen in this place.
 G = Mean time per level.
                   A        B        C        D        E       F      G
               +--------+--------+--------+--------+--------+-----+--------+
         Total |   1321 |   1259 |     62 |     28 |    869 |   3 |  440.3 |
       Dungeon |   1321 |   1259 |     62 |     28 |    869 |   3 |  440.3 |
               +--------+--------+--------+--------+--------+-----+--------+

Top non-repeatable levels by time:
     D:2: 674 daAuts
     D:1: 489 daAuts
     D:3: 157 daAuts
